 Dungeon Crawl Stone Soup version 0.29.1-13-g9f3cf754e1 (webtiles) character file.

Game seed: 11420024941003901665

84 retardedninja the Covered (level 4, -1/29 HPs)
             Began as a Gargoyle Fighter on Jan 24, 2023.
             Slain by a gnoll bouda
             ... wielding a +0 whip
              (6 damage)
             ... on level 3 of the Dungeon.
             The game lasted 00:02:40 (3180 turns).

retardedninja the Covered (Gargoyle Fighter)        Turns: 3180, Time: 00:02:41

Health: -1/29      AC: 13    Str: 21    XL:     4   Next: 45%
Magic:  4/4        EV:  9    Int:  9    God:
Gold:   86         SH:  4    Dex:  9    Spells: 3/3 levels left

rFire   . . .      SeeInvis .   a - +0 flail
rCold   . . .      Faith    .   c - +0 buckler
rNeg    + . .      Spirit   .   b - +0 scale mail
rPois   ∞          Reflect  .   (no helmet)
rElec   +          Harm     .   l - +0 cloak
rCorr   .          Rampage  .   f - +0 pair of gloves
Will    .....                   (no boots)
Stlth   ..........              (no amulet)
HPRegen 0.09/turn               (no ring)
MPRegen 0.09/turn               (no ring)

@: mighty, attractive
A: sickness immunity, AC +3, negative energy resistance 1, electricity
resistance, torment resistance 1, petrification resistance
a: no special abilities


You were on level 3 of the Dungeon.
You visited 1 branch of the dungeon, and saw 3 of its levels.

You collected 86 gold pieces.

Inventory:

Hand Weapons
 a - a +0 flail (weapon)
Armour
 b - a +0 scale mail (worn)
 c - a +0 buckler (worn)
 f - a +0 pair of gloves (worn)
 l - a +0 cloak (worn)
Jewellery
 g - a ring of ice
Scrolls
 e - 3 scrolls of identify {unknown}
 j - a scroll of teleportation {unknown}
 k - 2 scrolls of butterflies {unknown}
 m - a scroll of blinking {unknown}
 n - a scroll of amnesia {unknown}
 p - a scroll of magic mapping {unknown}
Potions
 d - a potion of might
 h - a potion of attraction
 i - a potion of degeneration {unknown}
 o - a potion of curing {unknown}


   Skills:
 + Level 4.0 Fighting
 + Level 2.7 Maces & Flails
 + Level 4.0 Armour
 + Level 3.9 Shields


You had 3 spell levels left.
You didn't know any spells.
Your spell library was empty.

Dungeon Overview and Level Annotations

Branches:
Dungeon (3/15)

Altars:

Annotations:
D:3 1 runed translucent door


Innate Abilities, Weirdness & Mutations

You are immune to sickness and miasma.
Your stone body is resilient. (AC +3)
You are immune to poison.
You resist negative energy. (rN+)
You are resistant to electric shocks. (rElec)
You are resistant to unholy torment.
You are immune to petrification.


Message History

You sock the gnoll!
You kill the gnoll!
The gnoll closely misses you.
The gnoll bouda hits you with a +0 whip.
The gnoll barely misses you.
Your Fighting skill increases to level 4!
Unknown command.
The kobold barely misses you.
The gnoll bouda hits you but does no damage.
The gnoll hits you from afar with a +0 spear.
The gnoll barely misses you.
Things that are here:
a +0 whip; a gnoll corpse The kobold attacks as you move away!
The kobold closely misses you.
The kobold throws a stone.
The stone barely misses you. The gnoll bouda barely misses you.
The gnoll closely misses you.
Things that are here:
a +0 spear; a gnoll corpse Unknown command.
The kobold throws a stone.
The stone hits you but does no damage.
The gnoll bouda hits you but does no damage.
The gnoll bouda attacks as you move away!
The gnoll bouda hits you but does no damage.
Your attacks no longer feel as feeble.
Unknown command.
You barely miss the gnoll bouda.
The gnoll bouda is moderately wounded.
The gnoll bouda hits you with a +0 whip!
* * * LOW HITPOINT WARNING * * *
The gnoll hits you from afar with a +0 spear.
* * * LOW HITPOINT WARNING * * *
The gnoll bouda closely misses you. You block the gnoll's attack.
You completely miss the gnoll bouda.
The gnoll bouda is moderately wounded.
The gnoll bouda barely misses you. The gnoll hits you but does no damage.
Unknown command.
It was a potion of attraction.
You feel attractive to monsters.
The gnoll bouda hits you with a +0 whip.
You die...

#.........####........###.
##.......## ##..####.# ##
##.....### ##.# #...
#.......# #.# ##...+
#.#+###.# #.# #..# #.# #.#
#.# ### #.#.###.######.
..<............
.....##@####### ......#g#
......og# ......#g#
......#g.# ..... .....
##....##..... ##.#.
..##..# #.# .## .#


You could see a gnoll bouda, 2 gnolls, an orc and a hobgoblin.

Vanquished Creatures
  2 gnolls (D:3)
  An adder (D:2)
  A dart slug (D:1)
  7 ball pythons
  3 endoplasms (D:2)
  A giant cockroach (D:1)
  6 goblins
  4 hobgoblins
  3 jackals (D:2)
  A quokka (D:1)
  6 bats
  6 frilled lizards
  6 kobolds
  8 rats
55 creatures vanquished.

Notes
Turn   | Place    | Note
-------+----------+-------------------------------------------
     0 | D:1      | retardedninja the Gargoyle Fighter began the quest for the
                  | Orb.
     0 | D:1      | Reached XP level 1. HP: 14/14 MP: 1/1
   227 | D:1      | Reached XP level 2. HP: 19/19 MP: 2/2
   444 | D:1      | Found a faded altar of an unknown god.
   977 | D:1      | Reached XP level 3. HP: 23/23 MP: 3/3
  2465 | D:2      | Reached XP level 4. HP: 24/29 MP: 4/4
  3101 | D:3      | Found a runed translucent door.
  3180 | D:3      | Slain by a gnoll bouda

Illustrated notes

Levels and vault maps discovered:
D:1:      dpeg_arrival_line_fractal, layout_loops_corners,
          hellmonk_ecumenical_altar_lost_god
D:2:      layout_basic
D:3:      layout_loops_corners, ebering_ghost_reflecting_pool,
          chequers_serial_rivers_micro_e, minmay_pentomino_pile

Skill      XL: |  1  2  3  4 |
---------------+-------------+-----
Armour         | 4 |  4.0
Fighting       | 4 |  4.0
Maces & Flails | |  2.7
Shields        | |  3.9

Action                   |  1- 3 |  4- 6 || total
-------------------------+-------+-------++-------
Melee: Flail             |   145 |    20 ||   165
  Use: Potion            |       |     2 ||     2
Armor: Scale mail        |   109 |    10 ||   119
Dodge: Dodged            |    89 |    21 ||   110
Block: Buckler           |    42 |     4 ||    46
